 Dungeon Crawl Stone Soup version 0.31-a0-1163-gcee99d1eea (webtiles) character file.

Game seed: 10773766818975385513

167 Curundu the Trooper (level 5, -8/47 HPs)
             Began as a Minotaur Berserker on Dec 9, 2023.
             Was a Priest of Trog.
             Killed by divine providence
             ... invoked by an orc priest
              (11 damage)
             ... on level 3 of the Dungeon.
             The game lasted 00:08:01 (2278 turns).

Curundu the Trooper (Minotaur Berserker)            Turns: 2278, Time: 00:08:02

Health: -8/47      AC: 11    Str: 23    XL:     5   Next: 23%
Magic:  4/4        EV:  7    Int:  4    God:    Trog [***...]
Gold:   100        SH:  0    Dex: 10    Spells: 4/4 levels left

rFire   + . .        p - +2 whip (vamp)
rCold   . . .        (no shield)
rNeg    . . .        n - +0 plate armour
rPois   .            (helmet restricted)
rElec   .            (no cloak)
rCorr   .            (no gloves)
SInv    .            (no boots)
Will    .....        (no amulet) Stlth
                     g - ring of protection from fire
HPRegen 0.27/turn    (no ring)
MPRegen 0.09/turn

%: no passive effects
@: no status effects
A: horns 2, retaliatory headbutt
a: Renounce Religion, Berserk, Trog's Hand


You were on level 3 of the Dungeon.
You worshipped Trog.
Trog was most pleased with you.
You visited 1 branch of the dungeon, and saw 3 of its levels.

You collected 100 gold pieces.

Inventory:

Hand Weapons
 a - a +0 spear
 p - a +2 vampiric whip (weapon)
 q - a +2 whip of electrocution
Missiles
 m - 13 stones
Armour
 n - a +0 plate armour (worn)
Jewellery
 g - a ring of protection from fire (left hand)
Scrolls
 b - a scroll of noise {unknown}
 d - a scroll of revelation {unknown}
 f - a scroll of identify {unknown}
 l - a scroll of blinking {unknown}
 o - a scroll of vulnerability {unknown}
Potions
 c - a potion of resistance {unknown}
 e - a potion of heal wounds {unknown}
 i - a potion of attraction {unknown}
 j - 3 potions of lignification {unknown}
 k - a potion of curing {unknown}


   Skills:
 + Level 4.9 Fighting
 + Level 0.1 Maces & Flails
 + Level 4.6 Polearms
 + Level 2.0 Throwing
 + Level 3.3 Armour
 + Level 2.6 Dodging
 + Level 0.6 Stealth


You had 4 spell levels left.
You didn't know any spells.
Your spell library contained the following spells:

 Spells                   Type           Power      Damage    Failure   Level
 Gell's Gravitas          Tloc           0%         N/A       100%        3
 Teleport Other           Tloc           0%         N/A       100%        3
 Dispersal                Tloc           0%         N/A       100%        6


Dungeon Overview and Level Annotations

Branches:
Dungeon (3/15)

Altars:


Innate Abilities, Weirdness & Mutations

You have a pair of horns on your head.
You reflexively headbutt those who attack you in melee.


Message History

You hit the orc.
You feel better.
The orc is severely wounded.
The orc hits you with a +0 mace.
You barely miss the orc.
The orc is severely wounded.
The orc hits you but does no damage.
You hit the orc but do no damage. Your headbutt misses the orc.
The orc is severely wounded.
The orc hits you with a +0 mace.
* * * LOW HITPOINT WARNING * * *
You closely miss the orc.
The orc is severely wounded.
The orc priest looks satisfied for a moment.
The orc hits you with a +0 mace.
* * * LOW HITPOINT WARNING * * *
You hit the orc.
You feel better.
The orc is almost dead.
The orc hits you but does no damage.
You closely miss the orc. You headbutt the orc.
You kill the orc!
Trog accepts your kill.
You barely miss the orc. The orc hits you but does no damage.
The orc priest calls down the wrath of Beogh upon you.
Beogh smites you!
* * * LOW HITPOINT WARNING * * *
The orc misses you. You furiously retaliate!
You headbutt the orc!
You kill the orc!
Trog accepts your kill.
The orc priest mumbles some strange prayers to Beogh against you.
Pain shoots through your body!
* * * LOW HITPOINT WARNING * * *
Items here: ( ))) [ ††.
You hit the orc priest.
You feel better.
The orc priest is almost dead.
The orc priest hits you but does no damage.
You barely miss the orc priest.
The orc priest is almost dead.
The orc priest mumbles some strange prayers to Beogh against you.
Beogh smites you!
You die...

#.# #.######### #.##......#
#.#######'##
#####..........#
#..............###########
#..((.....................#
...(..#.#######......###.#.#
......#.# #.@o†....[......#
..... ..# ####...#....#.###
......#.. #...........####
......... ..........#.##...
..... ### #...#......#†##...
#...#........)'...
...........#.##...
............#.#####
#.#.................


You could see an orc priest.

Vanquished Creatures
  3 adders (D:2)
  7 gnolls
  3 orcs (D:3)
  8 ball pythons
  10 bats
  4 endoplasms
  2 giant cockroaches
  6 goblins
  5 hobgoblins
  6 kobolds
  3 quokkas
  3 frilled lizards
  9 rats
69 creatures vanquished.

Notes
Turn   | Place    | Note
-------+----------+-------------------------------------------
     0 | D:1      | Curundu the Minotaur Berserker began the quest for the Orb.
     0 | D:1      | Reached XP level 1. HP: 19/19 MP: 0/0
   341 | D:1      | Reached XP level 2. HP: 17/27 MP: 1/1
   633 | D:1      | Reached ** piety under Trog
  1099 | D:2      | Reached XP level 3. HP: 33/33 MP: 2/2
  1626 | D:2      | Reached XP level 4. HP: 38/41 MP: 3/3
  1778 | D:2      | Reached skill level 1 in Throwing
  2076 | D:3      | Reached XP level 5. HP: 44/47 MP: 4/4
  2079 | D:3      | Reached *** piety under Trog
  2276 | D:3      | HP: 1/47 [orc priest/nerve-wracking pain (3)]
  2278 | D:3      | Killed from afar by an orc priest

Illustrated notes

Levels and vault maps discovered:
D:1:      minmay_arrival_widening_spiral_narrow, layout_loops_ring
D:2:      cheibrodos_old_hovel, layout_basic, minmay_pentomino_s2
D:3:      layout_basic, minmay_randomly_rotated_circles

Skill      XL: |  1  2  3  4  5 |
---------------+----------------+-----
Fighting       | 4 |  4.9
Polearms       | 4 |  4.6
Armour         | 3 |  3.3
Throwing       | 1 2 |  2.0
Maces & Flails | |  0.1
Dodging        | |  2.6
Stealth        | |  0.6

Action                     |  1- 3 |  4- 6 || total
---------------------------+-------+-------++-------
  Melee: Spear             |   102 |    53 ||   155
         Headbutt          |     7 |     6 ||    13
         Whip              |       |    15 ||    15
  Throw: Dart              |    14 |     5 ||    19
 Armour: Animal skin       |    40 |       ||    40
         Ring mail         |    19 |       ||    19
         Plate armour      |     9 |    75 ||    84
  Dodge: Dodged            |    67 |    31 ||    98

Table legend: (Time is in decaauts)
 A = Elapsed time spent in this place.
 B = Non-inter-level travel time spent in this place.
 C = Inter-level travel time spent in this place.
 D = Time resting spent in this place.
 E = Time spent auto-exploring this place.
 F = Levels seen in this place.
 G = Mean time per level.
                   A        B        C        D        E       F      G
               +--------+--------+--------+--------+--------+-----+--------+
         Total |   2260 |   2260 |      0 |    127 |   1503 |   3 |  753.3 |
       Dungeon |   2260 |   2260 |      0 |    127 |   1503 |   3 |  753.3 |
               +--------+--------+--------+--------+--------+-----+--------+

Top non-repeatable levels by time:
     D:1: 1091 daAuts
     D:2: 759 daAuts
     D:3: 408 daAuts
